 Dungeon Crawl Stone Soup version 0.24-a0-516-g9de272bb65 (webtiles) character file.

Game seed: 10117130370375239141

19258 KristoblXynda the Cleaver (level 12, -1/93 (94) HPs)
             Began as a Grey Draconian Artificer on July 21, 2019.
             Was a Priest of Ashenzari.
             Slain by a manticore (12 damage)
             ... on level 12 of the Dungeon.
             The game lasted 00:31:27 (17609 turns).

KristoblXynda the Cleaver (DrAr)                   Turns: 17609, Time: 00:31:27

HP:   -1/93 (94)    AC: 18    Str: 15    XL:     12   Next: 34%
MP:   28/28         EV: 18    Int: 21    God:    Ashenzari [***...]
Gold: 181           SH:  7    Dex: 12    Spells: 12/17 levels left

rFire    . . .     SeeInvis +   i - +3 war axe
rCold    + . .     Gourm    .   q - +2 buckler (curse)
rNeg     + . .     Faith    .   (armour unavailable)
rPois    .         Spirit   .   (helmet restricted)
rElec    .         Reflect  .   B - +0 cloak {+Inv} (curse)
rCorr    .         Harm     .   r - +0 pair of gloves (curse)
MR       .....                  J - +2 pair of boots (curse)
Stlth    +++.......             H - amulet of rage (curse)
HPRegen  0.25/turn              t - ring of magical power
MPRegen  0.21/turn              w - ring "Noptos" {rC+ rN+ Int+5} (curse)

@: no status effects
A: walk through water, unfitting armour, unbreathing, cold-blooded, AC +13
a: Curse Item, Scrying, Renounce Religion, Evoke Berserk Rage, Evoke
Invisibility


You were on level 12 of the Dungeon.
You worshipped Ashenzari.
Ashenzari was most pleased with you.
You were not hungry.

You visited 2 branches of the dungeon, and saw 13 of its levels.
You also visited: Ossuary.

You collected 670 gold pieces.
You spent 489 gold pieces at shops.

Inventory:

Hand Weapons
 i - a +3 war axe (weapon)
 A - a +2 hand axe of flaming
 F - a +2 whip of pain
Armour
 q - a cursed +2 buckler (worn)
 r - a cursed +0 pair of gloves (worn)
 z - the cursed +1 cloak of the Duke {rC+}
   (You acquired it on level 7 of the Dungeon)

   It protects you from cold.
   It has a curse placed upon it.
 B - a cursed +0 cloak of invisibility (worn)
 J - a cursed +2 pair of boots (worn)
Jewellery
 t - a ring of magical power (left hand)
 w - the cursed ring "Noptos" (right hand) {rC+ rN+ Int+5}
   (You found it on level 4 of the Dungeon)

   [ring of positive energy]

   It affects your intelligence (+5).
   It protects you from cold.
   It protects you from negative energy.
   It has a curse placed upon it.
 H - a cursed amulet of rage (around neck)
Wands
 c - a wand of clouds (1)
 h - a wand of paralysis (4)
Scrolls
 m - a scroll of fear
 o - a scroll of immolation
 u - a scroll of teleportation
 x - 3 scrolls of remove curse
 y - 2 scrolls of identify
 E - 2 scrolls of magic mapping
Potions
 a - a potion of flight {unknown}
 e - 3 potions of ambrosia
 g - a potion of lignification
 j - 3 potions of might
 k - 6 potions of heal wounds
 l - a potion of agility {unknown}
 n - 10 potions of curing
 p - a potion of cancellation {unknown}
 s - 4 potions of haste
 D - 2 potions of resistance {unknown}
 G - 3 potions of mutation {unknown}
 I - a potion of invisibility
Miscellaneous
 b - a phantom mirror
 d - a lightning rod (4/4)
Comestibles
 f - 10 rations


   Skills:
 + Level 5.4 Fighting
   Level 6.0 Short Blades
 * Level 10.5(10.7) Axes
 - Level 3.3(7.5) Maces & Flails
 + Level 9.8(11.6) Dodging
 - Level 3.6(5.3) Stealth
 - Level 4.0(5.7) Shields
 - Level 3.0 Spellcasting
 - Level 10.0(11.7) Evocations


You had 12 spell levels left.
You knew the following spells:

 Your Spells              Type           Power        Failure   Level  Hunger
a - Fireball              Conj/Fire      #.........   98%         5    ######.

Your spell library contained the following spells:

 Spells                   Type           Power        Failure   Level  Hunger
 Flame Tongue             Conj/Fire      #....        12%         1    None
 Magic Dart               Conj           #...         12%         1    None
 Searing Ray              Conj           #.....       19%         2    ##.....
 Throw Flame              Conj/Fire      #.....       19%         2    ##.....
 Conjure Flame            Conj/Fire      #.......     36%         3    ###....
 Dazzling Spray           Conj/Hex       #.....       36%         3    ###....
 Inner Flame              Hex/Fire       #.......     36%         3    ###....
 Force Lance              Conj/Tloc      #.......     77%         4    ####...
 Fulminant Prism          Conj/Hex       #.........   77%         4    ####...
 Iskenderun's Mystic Bla  Conj           #.......     77%         4    ####...
 Sticky Flame             Conj/Fire      #.......     77%         4    ####...


Dungeon Overview and Level Annotations

Branches:
Dungeon (12/15)            Temple (1/1) D:4            Lair (0/6) D:11
    Orc (0/2) D:9

Altars:
Ashenzari
Cheibriados
Dithmenos
Elyvilon
Fedhas
Gozag
Hepliaklqana
Kikubaaqudgha
Makhleb
Nemelex Xobeh
Okawaru
Qazlal
Ru
Sif Muna
Trog
Uskayaw
Vehumet
Wu Jian
Xom
Yredelemnul
Zin
The Shining One
Beogh

Shops:
D:8 *:**(   D:11 [


Innate Abilities, Weirdness & Mutations

You can walk through water.
Your dull iron-grey scales are very hard. (AC +13)
You cannot fit into any form of body armour.
You can survive without breathing.
You are cold-blooded and may be slowed by cold attacks.


Message History

The manticore claws you.
You closely miss the manticore.
You tail-slap the manticore, but do no damage.
The manticore is severely wounded.
The manticore bites you! You block the manticore's attack.
The manticore claws you but does no damage.
You hit the manticore but do no damage.
The manticore is severely wounded.
You block the manticore's attack. x2
The manticore claws you but does no damage.
You slash the manticore!
The manticore is almost dead.
The manticore bites you!!
* * * LOW HITPOINT WARNING * * *
The manticore claws you but does no damage. x2
You barely miss the manticore.
The manticore is almost dead.
The manticore bites you but does no damage.
The manticore misses you. The manticore claws you!
You die...

* , , ,..... * ,....
######### , ?..
........######### 8..
#?........'........ *, ,. *
#.........##....# **{,
#......<..##....## ##
#.#.....H@.......# ###. **
###.##########..?..# ##... ,
,....., * #.....# ##...8
###.##########.....#,##....(
#..................# #......
#.#.#########......# #.8....
#.#.........#......# #......
#.#.........'......# #......
#.#.........#.######,#......


You could see a manticore.

Vanquished Creatures
  Harold (D:7)
  A hydra (D:12)
  2 two-headed ogres
  Pikel (D:6)
  A deep elf mage (D:9)
  2 cyclopes (D:12)
  A yaktaur (D:12)
  2 kobold demonologists (D:11)
  3 trolls
  A queen bee (D:9)
  A hornet (D:9)
  Grinder (D:6)
  3 hippogriffs
  2 shadows (D:12)
  2 wyverns
  15 yaks
  A hungry ghost (D:10)
  A soldier ant (D:11)
  A water moccasin (D:6)
  A slave (D:6)
  5 ice beasts
  9 orc warriors
  3 phantoms
  2 black bears
  5 sky beasts
  An eye of draining (shapeshifter) (D:10)
  3 necrophages
  9 ogres
  11 centaurs
  A crocodile (D:8)
  10 big kobolds
  11 bullfrogs
  A wyvern zombie (D:12)
  3 water moccasin zombies (Ossuary)
  A wyvern skeleton (D:7)
  12 killer bees
  7 wights
  4 crimson imps
  A howler monkey (D:11)
  A bullfrog zombie (D:12)
  3 centaur zombies
  3 hounds
  4 jellies
  2 quasits
  Crazy Yiuf (D:6)
  10 orc priests
  19 orc wizards
  A bullfrog skeleton (D:5)
  A centaur skeleton (D:6)
  5 iguanas
  8 worker ants
  4 big kobold zombies (Ossuary)
  A hound skeleton (D:9)
  2 mummies (Ossuary)
  A worker ant zombie (D:11)
  3 gnolls (D:10)
  A howler monkey skeleton (D:10)
  13 adders
  5 shadow imps
  5 adder zombies
  3 worms
  A dart slug (D:1)
  3 leopard geckos
  96 orcs
  4 ball pythons
  6 bats
  2 giant cockroaches
  3 gnoll zombies (Ossuary)
  11 goblins
  6 hobgoblins
  2 jackals (D:2)
  34 kobolds
  7 quokkas
  3 frilled lizards
  4 hobgoblin zombies (Ossuary)
  5 kobold zombies (Ossuary)
  A leopard gecko skeleton (D:4)
  A leopard gecko zombie (D:8)
  6 orc zombies (Ossuary)
  A quokka zombie (D:10)
  8 rats
442 creatures vanquished.

Notes
Turn   | Place    | Note
-------+----------+-------------------------------------------
     0 | D:1      | KristoblXynda the Draconian Artificer began the quest for
                  | the Orb.
     0 | D:1      | Reached XP level 1. HP: 16/16 MP: 3/3
    97 | D:1      | Reached skill level 1 in Stealth
   145 | D:1      | Reached XP level 2. HP: 23/23 MP: 4/4
   994 | D:2      | Reached XP level 3. HP: 14/28 MP: 5/5
  1918 | D:2      | Reached XP level 4. HP: 36/36 MP: 6/6
  2263 | D:3      | Found a sacrificial altar of Ru.
  2530 | D:3      | Reached XP level 5. HP: 34/41 MP: 7/7
  2555 | D:3      | Reached skill level 1 in Shields
  3089 | D:4      | Got a vibrating turquoise ring
  3117 | D:4      | Identified the ring "Noptos" {rC+ rN+ Int+5} (You found it
                  | on level 4 of the Dungeon)
  3188 | D:4      | Reached XP level 6. HP: 44/48 MP: 9/9
  3439 | D:4      | Found a staircase to the Ecumenical Temple.
  3448 | Temple   | Entered the Ecumenical Temple
  3453 | Temple   | Became a worshipper of Ashenzari the Shackled
  3807 | D:5      | Entered Level 5 of the Dungeon
  3865 | D:5      | Found a sand-covered staircase.
  3883 | Ossuary  | Entered an ossuary
  4044 | Ossuary  | Your scales start taking on a dull iron-grey colour.
  4044 | Ossuary  | Reached XP level 7. HP: 37/55 MP: 10/10
  4044 | Ossuary  | Gained mutation: You can survive without breathing. [Grey
                  | Draconian growth]
  4350 | Ossuary  | Reached skill level 5 in Evocations
  4641 | D:5      | Found a snail-covered altar of Cheibriados.
  5000 | D:5      | Found a glowing golden altar of the Shining One.
  5524 | D:5      | Found a sparkling altar of Nemelex Xobeh.
  5726 | D:6      | Reached XP level 8. HP: 61/61 MP: 12/12
  5854 | D:6      | Found a blossoming altar of Fedhas.
  5854 | D:6      | Found a hide-covered altar of Uskayaw.
  6157 | D:6      | Noticed Pikel
  6183 | D:6      | Killed Pikel
  6183 | D:6      | Reached skill level 5 in Short Blades
  6183 | D:6      | Reached skill level 5 in Dodging
  6231 | D:6      | Noticed Grinder
  6233 | D:6      | Reached * piety under Ashenzari
  6244 | D:6      | Killed Grinder
  6460 | D:6      | Reached XP level 9. HP: 67/67 MP: 13/13
  6591 | D:6      | Learned a level 5 spell: Fireball
  7018 | D:6      | Found a runed translucent door.
  7019 | D:6      | Noticed Crazy Yiuf
  7159 | D:6      | Killed Crazy Yiuf
  7411 | D:7      | Noticed Harold
  7437 | D:7      | Reached skill level 1 in Spellcasting
  7558 | D:7      | Killed Harold
  7617 | D:7      | Reached skill level 1 in Maces & Flails
  7717 | D:7      | Identified a scroll of acquirement
  7717 | D:7      | Identified the cursed +1 cloak of the Duke {rC+} (You
                  | acquired it on level 7 of the Dungeon)
  8665 | D:8      | Found Feelaz's Weapon Shop.
  8685 | D:8      | Found Vaocs's Assorted Antiques.
  8721 | D:8      | Reached XP level 10. HP: 57/73 MP: 16/16
  8874 | D:8      | Reached skill level 1 in Axes
  8896 | D:8      | Found Vuleil's Book Shop.
  8919 | D:8      | Reached ** piety under Ashenzari
  8936 | D:8      | Found Imisut's General Store.
  8974 | D:8      | Bought a wand of clouds (3) for 294 gold pieces
  8988 | D:8      | Noticed a two-headed ogre
  8999 | D:8      | Killed a two-headed ogre
  9201 | D:8      | Found Sowuocs's General Store.
  9445 | D:9      | Found a shimmering altar of Xom.
 10181 | D:9      | Noticed a two-headed ogre
 10419 | D:9      | Reached skill level 5 in Axes
 10426 | D:9      | Killed a two-headed ogre
 10672 | D:9      | Found a roughly hewn altar of Beogh.
 10674 | D:9      | Found a staircase to the Orcish Mines.
 10901 | D:9      | Noticed a deep elf mage
 10911 | D:9      | Killed a deep elf mage
 10911 | D:9      | Reached XP level 11. HP: 41/79 MP: 18/18
 11589 | D:10     | Entered Level 10 of the Dungeon
 12063 | D:10     | Found a shattered altar of Ashenzari.
 12911 | D:10     | Noticed a fire crab
 13698 | D:10     | Reached skill level 10 in Evocations
 13904 | D:10     | Reached *** piety under Ashenzari
 14478 | D:11     | Found Yvehoevo's Antique Armour Boutique.
 14485 | D:11     | Bought a pair of embroidered gloves for 195 gold pieces
 15190 | D:11     | Noticed a sixfirhy
 15195 | D:11     | Noticed a soul eater
 15575 | D:11     | Reached XP level 12. HP: 23/91 MP: 19/19
 15906 | D:11     | Found a staircase to the Lair.
 16369 | D:12     | Noticed a five-headed hydra
 16381 | D:12     | Killed a one-headed hydra
 16612 | D:12     | Reached skill level 10 in Axes
 16871 | D:12     | Reached skill level 5 in Fighting
 17609 | D:12     | Slain by a manticore

Levels and vault maps discovered:
D:1:      eino_arrival_water_star, layout_loops_corners
D:2:      layout_basic, kennysheep_generic_room_11
D:3:      layout_rooms, nicolae_ru_sacrificial_ziggurat
D:4:      layout_cave_pools, minmay_temple_entry_mist, minmay_goblin_outpost
D:5:      layout_loops_corners, old_standard_altar,
          nicolae_overflow_crystal_walls, first_ration,
          nicolae_ossuary_entry_monument, lemuel_tele_altar
D:6:      layout_loops_corners, gammafunk_temple_overflow_statue, uniq_grinder,
          uniq_pikel, uniq_crazy_yiuf_cottage
D:7:      layout_layer_cave, uniq_harold
D:8:      layout_loops_ring, serial_shops, shop,
          nicolae_shop_overgrown_old_shop, shop_fountains, nicolae_shop_trees,
          shop
D:9:      layout_basic, old_standard_altar, david_orc_5, dk_noncrumbling_4
D:10:     wander_river, layout_loops_corners, special_room [special_room_orc],
          basic_altar, david_nohive_1
D:11:     layout_loops_ring, lair_entry_dummy, serial_shops, shop
D:12:     kennysheep_green_arena, layout_basic
Temple:   nicolae_temple_elliptical

Skill      XL: |  1  2  3  4  5  6  7  8  9 10 11 12 |
---------------+-------------------------------------+-----
Stealth        | 1 3 |  3.6
Dodging        | 2 3 4 5 7 8 9 |  9.8
Short Blades   | 2 3 4 5 6 |  6.0
Fighting       | 2 4 5 |  5.4
Evocations     | 4 5 6 8 9 10 | 10.0
Shields        | 1 2 3 4 |  4.0
Spellcasting   | 3 |  3.0
Maces & Flails | 3 |  3.3
Axes           | 6 9 10 | 10.5

Action                   |  1- 3 |  4- 6 |  7- 9 | 10-12 || total
-------------------------+-------+-------+-------+-------++-------
Melee: Short sword       |   164 |    39 |       |       ||   203
       Tailslap          |    17 |    21 |    92 |   147 ||   277
       Dagger            |       |   187 |   706 |   328 ||  1221
       War axe           |       |       |       |   781 ||   781
       Whip              |       |       |       |    44 ||    44
       Hand axe          |       |       |       |     7 ||     7
Invok: Curse Item        |       |     1 |     3 |     2 ||     6
Evoke: Wand              |       |       |    18 |    59 ||    77
       Lightning rod     |       |       |       |     4 ||     4
  Use: Scroll            |       |     4 |     9 |    11 ||    24
       Potion            |       |       |     1 |     4 ||     5
 Stab: Sleeping          |       |     3 |     8 |    16 ||    27
       Paralysed         |       |       |     7 |     3 ||    10
       Distracted        |       |       |       |     3 ||     3
  Eat: Chunk             |     3 |     5 |     4 |    13 ||    25
       Ration            |       |     1 |     3 |     5 ||     9
Armor: Skin              |    74 |    47 |   187 |   326 ||   634
Dodge: Dodged            |   118 |   116 |   275 |   799 ||  1308
Block: Buckler           |       |    37 |   167 |   406 ||   610

Table legend:
 A = Non-vault XP
 B = Vault XP
 C = Vault XP percentage of total XP
 D = Non-vault monster count
 E = Vault monster count
 F = Vault count percentage of total count
                 A         B        C        D         E       F
            +---------+---------+-------+---------+---------+-------
      Total |   21183 |    6329 |  23.0 |     328 |     112 |  25.5
            +---------+---------+-------+---------+---------+-------
        D:1 |      28 |       0 |   0.0 |      16 |       0 |   0.0
        D:2 |     113 |       7 |   5.8 |      20 |       2 |   9.1
        D:3 |     169 |       0 |   0.0 |      24 |       0 |   0.0
        D:4 |     153 |      13 |   7.8 |      12 |       7 |  36.8
        D:5 |     498 |       0 |   0.0 |      16 |       0 |   0.0
        D:6 |     782 |     937 |  54.5 |      26 |       3 |  10.3
        D:7 |    1117 |     997 |  47.2 |      33 |       1 |   2.9
        D:8 |    2071 |       0 |   0.0 |      19 |       0 |   0.0
        D:9 |    4622 |     995 |  17.7 |      40 |      26 |  39.4
       D:10 |    4452 |    1325 |  22.9 |      64 |      34 |  34.7
       D:11 |    4150 |       0 |   0.0 |      38 |       0 |   0.0
       D:12 |    3028 |    1638 |  35.1 |      20 |       9 |  31.0
    Ossuary |       0 |     417 | 100.0 |       0 |      30 | 100.0
            +---------+---------+-------+---------+---------+-------
